 Dungeon Crawl Stone Soup version 0.17-a0-1508-ge7f3dc3 (webtiles) character file.

10 Eleanoora the Ogre Mage (level 2, 24/24 HPs)
             Began as an Ogre Wizard on July 10, 2015.
             Quit the game on level 1 of the Dungeon.
             The game lasted 00:01:31 (847 turns).

Eleanoora the Ogre Mage (Ogre Wizard)                Turns: 847, Time: 00:01:31

Health: 24/24      AC:  3    Str: 11    XL:     2   Next: 20%
Magic:  6/6        EV:  9    Int: 17    God:
Gold:   37         SH:  0    Dex:  8    Spells: 4 memorised, 1 level left

rFire  . . .     SeeInvis .     (no weapon)
rCold  . . .     Clarity  .     a - +0 robe
rNeg   . . .     SustAt   .     (no shield)
rPois  .         Gourm    .     b - +0 hat
rElec  .         Spirit   .     (no cloak)
rCorr  .         Warding  .     (gloves unavailable)
rMut   .         Stasis   .     (boots unavailable)
MR     .....                    (no amulet)
Stlth  +.........               (no ring)
                                (no ring)

@: not resistant to hostile enchantments, very unstealthy
A: unfitting armour, tough skin 1
a: no special abilities


You were on level 1 of the Dungeon.
You were not hungry.

You visited 1 branch of the dungeon, and saw 1 of its levels.

You collected 37 gold pieces.


Innate Abilities, Weirdness & Mutations

You are too large for most types of armour.
You have tough skin (AC +1).


   Skills:
 - Level 1.7 Dodging
 - Level 1.5 Stealth
 + Level 3.9 Spellcasting
 + Level 1.2 Conjurations
 - Level 0.6 Summonings
 - Level 0.6 Translocations


You had one spell level left.
You knew the following spells:

 Your Spells              Type           Power        Failure   Level  Hunger
a - Magic Dart            Conj           #...         12%         1    None
i - Call Imp              Summ           #.......     21%         2    ##.....
B - Blink                 Tloc           N/A          21%         2    ##.....
M - Repel Missiles        Chrm/Air       #.....       30%         2    ##.....

Inventory:

Missiles
 e - 43 arrows
 k - 21 stones (quivered)
Armour
 a - a +0 robe (worn)
 b - a +0 hat (worn)
Scrolls
 f - 2 scrolls of identify {unknown}
 g - a scroll of random uselessness {unknown}
 j - a scroll of recharging {unknown}
 l - a scroll of remove curse {unknown}
Potions
 i - a potion of degeneration {unknown}
 m - 2 potions of ambrosia {unknown}
Books
 c - a book of Minor Magic
Comestibles
 d - a bread ration
 h - a beef jerky

Dungeon Overview and Level Annotations

Branches:
Dungeon (1/15)

Altars:


Message History

You start memorising the spell.
You continue memorising.
You continue memorising.
You finish memorising.
Spell assigned to 'd'.
k - 21 stones Adjust (i)tems, (s)pells, or (a)bilities?
Adjust which spell? b - Call Imp Adjust to which letter? i - Call Imp Adjust (i)tems, (s)pells, or (a)bilities?
Adjust which spell? c - Blink Adjust to which letter?
B - Blink Adjust (i)tems, (s)pells, or (a)bilities?
Adjust which spell? d - Repel Missiles Adjust to which letter?
M - Repel Missiles
Found a stone staircase leading down.
l - a scroll labeled COWKYDGH UXINIA A giant newt comes into view.
Found a scroll labeled WISOULIBOST.
The giant newt bites you but does no damage.
You see here 2 sapphire potions.
Casting: Magic Dart
Confirm with . or Enter, or press ? or * to list all spells.
Aiming: Magic Dart
Press: ? - help, Shift-Dir - straight line, f - giant newt
Aim: a giant newt The magic dart hits the giant newt.
You kill the giant newt!
m - 2 sapphire potions
e - 43 arrows (gained 30) Are you sure you want to abandon this character and quit the game? (Confirm with "yes".)

?# .# ######.#
#@...#.######## ##
#.............. ..
#.....###...... ..
#............. .
###.#.###...######
#.#.#..>........
#.#.#.#...#.####
##.#.#.....#.#
#......#.#.#.#


There were no monsters in sight!

Action                   || total
-------------------------++-------
 Cast: Magic Dart        ||    32

Notes
Turn   | Place    | Note
--------------------------------------------------------------
     0 | D:1      | Eleanoora the Ogre Wizard began the quest for the Orb.
     0 | D:1      | Reached XP level 1. HP: 16/16 MP: 5/5
   383 | D:1      | Reached skill level 1 in Conjurations
   520 | D:1      | Reached XP level 2. HP: 24/24 MP: 1/6
   802 | D:1      | Learned a level 2 spell: Call Imp
   805 | D:1      | Learned a level 2 spell: Blink
   808 | D:1      | Learned a level 2 spell: Repel Missiles
   847 | D:1      | Quit the game

Vault maps used:
D:1:      sevenhm_arrival_forest_fort_large_2, serial_bayou_pond_d

Vanquished Creatures
  2 giant geckos
  A giant cockroach
  A goblin
  2 kobolds
  A giant newt
  A rat
8 creatures vanquished.
